[Event "Team 45 45 League T64"]
[Site "Internet Chess Club"]
[Date "2015.03.10"]
[Round "1"]
[White "gump12345"]
[Black "infiniteshug"]
[Result "1-0"]
[WhiteElo "2019"]
[BlackElo "2193"]
[Opening "Caro-Kann: advance variation"]
[ECO "B12"]
[Time "19:06:51"]
[TimeControl "2700+45"]

1. e4 c6 2. d4 d5 3. e5 c5 4. Nf3 Bg4 5. dxc5 Nc6 6. c3 e6 7. b4 Nxe5 8. Qa4+
Nd7 9. Ne5 Bf5 10. Nxd7 Ke7 11. Nxf8 Kxf8 12. Be2 Ne7 13. O-O h5 14. Na3 Nc6 15.
Nb5 Qf6 16. Nd4 Nxd4 17. cxd4 Qxd4 18. Be3 Qe5 19. Bf3 h4 20. Rfe1 Qf6 21. Bf4
h3 22. g3 Bd3 23. Rad1 Bc4 24. Bh1 Rh5 25. Qd7 Rf5 26. Qxb7 Re8 27. Qd7 Rd8 28.
Qc7 Re8 29. Qd6+ Kg8 30. c6 Qb2 31. c7 e5 32. Qd7 {Black resigns} 1-0

[Event "Team 45 45 League T64"]
[Site "Internet Chess Club"]
[Date "2015.03.08"]
[Round "1"]
[White "RazorBladeTeddy"]
[Black "xwang1"]
[Result "1-0"]
[WhiteElo "1993"]
[BlackElo "2001"]
[Opening "King's Indian: Kramer system"]
[ECO "E70"]
[Time "11:47:33"]
[TimeControl "2700+45"]

1. d4 Nf6 2. c4 g6 3. Nc3 Bg7 4. e4 d6 5. Nge2 O-O 6. Ng3 c5 7. d5 Nbd7 8. Be2
Ne8 9. h4 f5 10. exf5 gxf5 11. f4 Ndf6 12. Qc2 Ng4 13. Bxg4 fxg4 14. Bd2 e5 15.
dxe6 Bxe6 16. Nce4 Qb6 17. Ng5 Nf6 18. O-O-O Bf7 19. Nf5 Rae8 20. Bc3 Bg6 21.
Qd3 Qc6 22. Rhe1 Qd7 23. Rxe8 Rxe8 24. Bxf6 Bxf6 25. Qd5+ Kh8 26. Nxd6 Re2 27.
f5 Bxb2+ 28. Kb1 Qa4 29. Qd3 Rxg2 30. fxg6 Bd4 31. g7+ Kxg7 32. Qxh7+ Kf6 33.
Nge4+ Ke6 34. Qf7+ Ke5 35. Qf5# {Black checkmated} 1-0

[Event "Team 45 45 League T64"]
[Site "Internet Chess Club"]
[Date "2015.03.05"]
[Round "1"]
[White "charles-allen"]
[Black "hangingpawns"]
[Result "0-1"]
[WhiteElo "1867"]
[BlackElo "2063"]
[Opening "Four knights: Scotch, 4...exd4"]
[ECO "C47"]
[Time "17:00:56"]
[TimeControl "2700+45"]

1. e4 e5 2. Nc3 Nf6 3. Nf3 Nc6 4. d4 exd4 5. Nxd4 Bb4 6. Nxc6 bxc6 7. Bd3 d5 8.
exd5 cxd5 9. O-O O-O 10. Bg5 c6 11. Qf3 h6 12. Bxf6 Qxf6 13. Qxf6 gxf6 14. Ne2
Bd6 15. Nd4 c5 16. Nf5 Bxf5 17. Bxf5 Rab8 18. b3 Be5 19. Rad1 Rfd8 20. Rfe1 Rb6
21. Re3 Ra6 22. c4 Rxa2 23. g3 Bd4 24. Rf3 dxc4 25. Rxd4 Rxd4 26. bxc4 a5 {White
resigns} 0-1

[Event "Team 45 45 League T64"]
[Site "Internet Chess Club"]
[Date "2015.03.07"]
[Round "1"]
[White "nikenwidiartto"]
[Black "LittleButton"]
[Result "0-1"]
[WhiteElo "2036"]
[BlackElo "1862"]
[Opening "French: Two knights variation"]
[ECO "C00"]
[Time "04:00:30"]
[TimeControl "2700+45"]

1. e4 e6 2. Nf3 d5 3. Nc3 dxe4 4. Nxe4 Nd7 5. d4 Ngf6 6. Bd3 Nxe4 7. Bxe4 Nf6 8.
Bd3 c5 9. c3 cxd4 10. cxd4 Bb4+ 11. Bd2 Bxd2+ 12. Qxd2 O-O 13. O-O b6 14. Ne5
Bb7 15. Rac1 Qd5 16. Nf3 Qxa2 17. Rc7 Bxf3 18. gxf3 Qd5 19. Qe3 Qd6 20. Rfc1 Nd5
21. R1c6 Qxc6 22. Rxc6 Nxe3 23. fxe3 Rac8 24. Rd6 Rfd8 25. Rxd8+ Rxd8 26. Ba6
Rd7 27. b4 Rc7 28. Kf2 Rc2+ 29. Kg3 Rb2 30. b5 Kf8 31. h4 Ke7 32. Kf4 Kd6 33. e4
Rb4 34. Ke3 Rb3+ 35. Kf4 h6 36. h5 Rd3 37. Bb7 Rxd4 38. Ke3 Rb4 39. Bc6 e5 40.
Be8 f6 41. Kf2 Kc5 42. Kg3 Rxb5 43. Kg4 Rb1 44. Kf5 Rg1 45. Ke6 b5 46. Bg6 a5
47. Kf7 a4 48. Kxg7 a3 49. Kxh6 a2 50. f4 exf4 51. e5 fxe5 52. Kh7 a1=Q 53. h6
Rxg6 54. Kxg6 Qh1 55. h7 Qxh7+ 56. Kg5 f3 57. Kg4 f2 58. Kg3 f1=Q 59. Kg4 Qg7+
{White resigns} 0-1

[Event "Team 45 45 League T64"]
[Site "Internet Chess Club"]
[Date "2015.03.09"]
[Round "1"]
[White "Gojira"]
[Black "Bryant-L"]
[Result "1-0"]
[WhiteElo "1775"]
[BlackElo "1726"]
[Opening "Modern defense"]
[ECO "A40"]
[Time "19:30:21"]
[TimeControl "2700+45"]

1. d4 g6 2. Nf3 Bg7 3. Bf4 d6 4. e3 Nc6 5. h3 e5 6. Bh2 f5 7. dxe5 Nxe5 8. c3
Ne7 9. Qb3 b6 10. Be2 Bb7 11. Nbd2 Qd7 12. Rd1 O-O-O 13. Nxe5 dxe5 14. Nf3 Qc6
15. O-O Bf6 16. Bb5 Qc5 17. Qe6+ Kb8 18. Qxf6 Nd5 19. Qxe5 Qxb5 20. b3 Rhe8 21.
Qg7 Nxc3 22. Qxc3 Ba6 23. Rxd8+ {Black resigns} 1-0

[Event "Team 45 45 League T64"]
[Site "Internet Chess Club"]
[Date "2015.03.09"]
[Round "1"]
[White "ToniMostarda"]
[Black "az2112"]
[Result "1/2-1/2"]
[WhiteElo "1722"]
[BlackElo "1609"]
[Opening "QGD Slav: 4.e3"]
[ECO "D11"]
[Time "21:10:14"]
[TimeControl "2700+45"]

1. d4 d5 2. c4 c6 3. Nf3 Nf6 4. e3 Bg4 5. Qb3 Qc7 6. Ne5 Bf5 7. cxd5 cxd5 8. Bd2
e6 9. Bb5+ Nbd7 10. Nc3 a6 11. Qa4 Rd8 12. Bxd7+ Nxd7 13. Nxd7 Qxd7 14. Ke2 Bd6
15. Qxd7+ Rxd7 16. Rac1 Rc7 17. Na4 O-O 18. Nc5 Bxc5 19. dxc5 Rfc8 20. b4 a5 21.
a3 e5 22. f3 Bd7 23. Bc3 Bb5+ 24. Kf2 f6 25. Bb2 Kf7 26. f4 e4 27. Bd4 axb4 28.
axb4 Rc6 29. Ra1 Ra6 30. Rxa6 Bxa6 31. Ra1 Rc7 32. Ra5 Bc4 33. b5 Ke6 34. g4 Kd7
35. f5 h6 36. h4 Ke7 37. h5 Kd7 38. b6 Rc8 39. Ra7 Ba6 40. Kg3 Kc6 41. Kf2 Kb5
42. Kg2 Kc6 {Game drawn by mutual agreement} 1/2-1/2

[Event "Team 45 45 League T64"]
[Site "Internet Chess Club"]
[Date "2015.03.09"]
[Round "1"]
[White "Chess-Boy"]
[Black "idjit"]
[Result "1/2-1/2"]
[WhiteElo "1623"]
[BlackElo "1607"]
[Opening "Sicilian: O'Kelly variation"]
[ECO "B28"]
[Time "20:00:22"]
[TimeControl "2700+45"]

1. e4 c5 2. Nf3 a6 3. d4 cxd4 4. Nxd4 Nf6 5. Nc3 e5 6. Nf3 Bb4 7. Bc4 Qc7 8. Qd3
b5 9. Bb3 Bb7 10. Bd2 O-O 11. Nd5 Nxd5 12. Bxd5 Bxd5 13. Bxb4 Bc4 14. Qd6 Qxd6
15. Bxd6 Re8 16. b3 Be6 17. Nxe5 f6 18. Nd3 Bd5 19. f3 f5 20. e5 Nc6 21. Kd2 g5
22. Rac1 Rac8 23. c4 bxc4 24. bxc4 Be6 25. a3 Na5 26. c5 Nb7 27. Nb2 Nxd6 28.
cxd6 f4 29. Rxc8 Rxc8 30. Rc1 Rb8 31. Nd3 Kg7 32. Nc5 Kf7 33. Kc3 Rb5 34. Kd4
Rb2 35. Nxe6 Kxe6 36. Rc8 Rd2+ 37. Kc3 Rxg2 38. Re8+ Kd5 39. Re7 Rxh2 40. Rxd7
Kxe5 41. Rg7 Kxd6 42. Rxg5 Rh3 43. Rg7 Rxf3+ 44. Kd4 Rxa3 45. Rxh7 f3 46. Rh6+
Ke7 47. Rh5 f2 48. Rf5 Ra2 49. Ke3 Ke6 50. Rxf2 Rxf2 51. Kxf2 Kd5 52. Ke3 Kc4
53. Kd2 {Game drawn by mutual agreement} 1/2-1/2

[Event "Team 45 45 League T64"]
[Site "Internet Chess Club"]
[Date "2015.03.06"]
[Round "1"]
[White "pokerram"]
[Black "drsigmund1"]
[Result "1-0"]
[WhiteElo "1757"]
[BlackElo "1485"]
[Opening "Queen's pawn: Keres defense"]
[ECO "A40"]
[Time "13:00:15"]
[TimeControl "2700+45"]

1. d4 e6 2. c4 b6 3. Nc3 Bb7 4. Nf3 Bb4 5. Qb3 Nc6 6. a3 Bxc3+ 7. Qxc3 f5 8. d5
Nb8 9. Bg5 Nf6 10. dxe6 dxe6 11. Rd1 Qe7 12. Ne5 O-O 13. f3 Rd8 14. Rxd8+ Qxd8
15. e3 Nc6 16. Nxc6 Bxc6 17. Be2 h6 18. Bxf6 Qxf6 19. Qxf6 gxf6 20. Kf2 Rd8 21.
Rd1 Rd6 22. b4 Ba4 23. Rd4 e5 24. Rxd6 cxd6 25. Bd3 Bd7 26. Kg3 Kg7 27. Kh4 Be6
28. h3 e4 29. fxe4 fxe4 30. Be2 f5 31. Kg3 Kf6 32. Kf4 Kg6 33. g4 Kf6 34. gxf5
Bxf5 35. Bg4 Bg6 36. h4 Bf7 37. Kxe4 Bxc4 38. Kd4 Be6 39. Bxe6 Kxe6 40. e4 h5
41. b5 Ke7 42. Kd5 Kd7 43. a4 Ke7 44. e5 dxe5 45. Kxe5 Kd7 46. Kf5 Kd6 47. Kg6
Ke6 48. Kg5 Ke5 49. Kg6 Kf4 50. Kxh5 Kf5 51. Kh6 Kf6 52. Kh7 Kf7 53. h5 Kf6 54.
Kg8 Kg5 55. Kf7 Kxh5 56. Ke7 Kg5 57. Kd7 Kf5 58. Kc7 Ke5 59. Kb7 Kd6 60. Kxa7
Kc7 61. Ka6 Kb8 62. Kxb6 Ka8 63. Kc7 Ka7 64. b6+ {Black resigns} 1-0

[Event "Team 45 45 League T64"]
[Site "Internet Chess Club"]
[Date "2015.03.07"]
[Round "1"]
[White "Greedy-Reedy"]
[Black "ahxm"]
[Result "1-0"]
[WhiteElo "1962"]
[BlackElo "1411"]
[Opening "King's Indian: East Indian defense"]
[ECO "A48"]
[Time "12:00:35"]
[TimeControl "2700+45"]

1. Nf3 Nf6 2. d4 g6 3. e3 Bg7 4. Bd3 O-O 5. O-O d5 6. c3 Bg4 7. Nbd2 Nc6 8. h3
Be6 9. e4 dxe4 10. Nxe4 Nxe4 11. Bxe4 Bd5 12. Bxd5 Qxd5 13. Bf4 Rac8 14. Re1 e6
15. Qb3 Qxb3 16. axb3 Rfe8 17. b4 a6 18. Re2 Ne7 19. Rae1 Nf5 20. d5 c6 21. dxe6
fxe6 22. Rxe6 Rxe6 23. Rxe6 Kf8 24. g4 Nh6 25. Ng5 Kg8 26. Re7 Rf8 27. Rxg7+
Kxg7 28. Ne6+ Kf7 29. Nxf8 Kxf8 30. Bxh6+ Kf7 31. Kg2 Ke6 32. f4 Kf6 33. Kf3 Ke6
34. Ke4 Kd6 35. f5 Ke7 36. Ke5 b5 37. f6+ Kf7 38. b3 Ke8 39. Ke6 g5 40. f7+ Kd8
41. f8=Q+ Kc7 42. Bxg5 h6 43. Bf4+ Kb6 44. Qb8# {Black checkmated} 1-0

[Event "Team 45 45 League T64"]
[Site "Internet Chess Club"]
[Date "2015.03.07"]
[Round "1"]
[White "anishio"]
[Black "OperaDude94"]
[Result "0-1"]
[WhiteElo "1690"]
[BlackElo "1797"]
[Opening "French: Rubinstein variation"]
[ECO "C03"]
[Time "21:30:34"]
[TimeControl "2700+45"]

1. e4 e6 2. d4 d5 3. Nd2 dxe4 4. Nxe4 Nd7 5. Nf3 Ngf6 6. Bd3 Nxe4 7. Bxe4 Nf6 8.
Bd3 Be7 9. c3 O-O 10. O-O b6 11. Ne5 Bb7 12. f3 c5 13. Be3 Rc8 14. Rc1 Nd5 15.
Qd2 Nxe3 16. Qxe3 cxd4 17. cxd4 Qd6 18. Rfd1 Bf6 19. Kh1 Rfd8 20. Rxc8 Rxc8 21.
f4 Qd5 22. Nf3 Qxa2 23. Qf2 g6 24. Ne5 Bd5 25. Nd7 Bg7 26. Qe2 Bc4 27. Bxc4 Qxc4
28. Qd2 Qc2 29. Qxc2 Rxc2 30. b3 h5 31. h3 Rb2 32. Rd3 Bh6 33. Rf3 Rd2 {White
resigns} 0-1

[Event "Team 45 45 League T64"]
[Site "Internet Chess Club"]
[Date "2015.03.08"]
[Round "1"]
[White "Innes"]
[Black "bhxm"]
[Result "1-0"]
[WhiteElo "1598"]
[BlackElo "1434"]
[Opening "Scotch opening"]
[ECO "C44"]
[Time "17:00:37"]
[TimeControl "2700+45"]

1. e4 e5 2. d4 Nc6 3. Nf3 d6 4. Bc4 Nf6 5. dxe5 dxe5 6. Qxd8+ Nxd8 7. Nxe5 Be6
8. Bxe6 Nxe6 9. f3 Be7 10. Nc3 O-O 11. Bd2 Rad8 12. O-O-O Bd6 13. Nc4 Bc5 14.
Be3 b5 15. Bxc5 Nxc5 16. Nxb5 Ne6 17. Rxd8 Rxd8 18. Rd1 Rf8 19. e5 Ne8 20. Nxa7
Nf4 21. g3 Ne6 22. f4 h6 23. a4 c5 24. a5 N8c7 25. Nd6 Ra8 26. Ndc8 Nd4 27. c3
Nde6 28. b4 cxb4 29. cxb4 Rb8 30. Nb6 Rb7 31. Nc6 Nb5 32. Nd8 Rc7+ 33. Kb2 Ned4
34. Rc1 Re7 35. Nc6 Nxc6 36. Rxc6 Nd4 37. Rc8+ Kh7 38. Kc3 Nb5+ 39. Kc4 Na3+ 40.
Kc5 Ra7 41. Kd6 Nb5+ 42. Kc5 Nc3 43. Nd5 Nb5 44. Kxb5 Rb7+ 45. Nb6 Ra7 46. a6
Kg6 47. Ra8 Rc7 48. a7 Rc2 49. Rc8 Rxh2 50. a8=Q Rh3 51. Qe4+ Kh5 52. Qf5+ g5
53. Qxh3+ Kg6 54. fxg5 hxg5 55. Rg8# {Black checkmated} 1-0

[Event "Team 45 45 League T64"]
[Site "Internet Chess Club"]
[Date "2015.03.06"]
[Round "1"]
[White "chessnow"]
[Black "rookfish"]
[Result "1-0"]
[WhiteElo "1823"]
[BlackElo "1287"]
[Opening "Ruy Lopez: Berlin defense, Beverwijk variation"]
[ECO "C65"]
[Time "21:00:57"]
[TimeControl "2700+45"]

1. e4 e5 2. Nf3 Nc6 3. Bb5 Nf6 4. O-O Bc5 5. c3 Nxe4 6. d4 exd4 7. cxd4 Nxd4 8.
Nxd4 O-O 9. Be3 c6 10. Bd3 d5 11. Qc2 f5 12. Bxe4 Bxd4 13. Bxd4 fxe4 14. Nc3 Bf5
15. Qd2 Qc7 16. Rac1 b6 17. Be3 Rad8 18. Rfd1 a6 19. Qe2 Rd6 20. Bf4 Rff6 21.
Bxd6 Qxd6 22. Qe3 Rh6 23. Qg3 Qxg3 24. hxg3 Bg4 25. Rd4 Bf5 26. Ne2 Bg4 27. Nf4
g5 28. Nh3 Bf3 29. gxf3 exf3 30. Nxg5 Rf6 31. Rf4 Rf5 {Black resigns} 1-0

[Event "Team 45 45 League T64"]
[Site "Internet Chess Club"]
[Date "2015.03.07"]
[Round "1"]
[White "bradleyguo175"]
[Black "Schachteufel"]
[Result "1/2-1/2"]
[WhiteElo "1735"]
[BlackElo "1720"]
[Opening "King's Indian: Kazakh variation"]
[ECO "E91"]
[Time "09:30:07"]
[TimeControl "2700+45"]

1. d4 Nf6 2. c4 g6 3. Nc3 Bg7 4. e4 O-O 5. Nf3 d6 6. Be2 Na6 7. O-O e5 8. Be3
Ng4 9. Bg5 Qe8 10. Nh4 exd4 11. Nd5 f6 12. Bc1 Nh6 13. Bxh6 Bxh6 14. Qxd4 Bg7
15. Qd2 Qxe4 16. Nf3 Bg4 17. Rfe1 Qe6 18. Nd4 Qd7 19. Bxg4 Qxg4 20. Ne6 Rf7 21.
Rac1 Re8 22. h3 Qh4 23. Nxg7 Rxe1+ 24. Rxe1 Kxg7 25. Qf4 Qxf4 26. Nxf4 Nb4 27.
a3 Nc6 28. b4 Re7 29. Rxe7+ Nxe7 30. Ne6+ Kf7 31. Nxc7 Nf5 32. f3 Nd4 33. a4 Nc6
34. Nd5 Ne5 35. Ne3 {Game drawn by mutual agreement} 1/2-1/2

[Event "Team 45 45 League T64"]
[Site "Internet Chess Club"]
[Date "2015.03.07"]
[Round "1"]
[White "GregoryViking"]
[Black "RUPIS"]
[Result "0-1"]
[WhiteElo "1581"]
[BlackElo "1657"]
[Opening "French: advance, Milner-Barry gambit"]
[ECO "C02"]
[Time "15:29:57"]
[TimeControl "2700+45"]

1. e4 e6 2. d4 d5 3. e5 c5 4. c3 Nc6 5. Nf3 Qb6 6. Bd3 Bd7 7. Qb3 cxd4 8. Qxb6
axb6 9. cxd4 Nb4 10. Kd2 f6 11. Re1 Rxa2 12. Rxa2 Nxa2 13. Nc3 Nxc3 14. bxc3 b5
15. Kc2 b4 16. c4 Ne7 17. Bd2 Kf7 18. Bxb4 Nc6 19. Bxf8 Rxf8 20. cxd5 Nb4+ 21.
Kd2 Nxd5 22. Bxh7 Ra8 23. Rb1 Bc6 24. Bd3 Nf4 25. exf6 gxf6 26. Nh4 Ra2+ 27. Bc2
Nxg2 28. Nxg2 Bxg2 29. Kc3 Bd5 30. f4 Rxc2+ 31. Kxc2 Be4+ 32. Kb2 Bxb1 33. Kxb1
Kg6 34. h4 f5 35. Kc2 Kh5 36. Kd3 Kxh4 37. Kc4 Kg4 {White resigns} 0-1

[Event "Team 45 45 League T64"]
[Site "Internet Chess Club"]
[Date "2015.03.10"]
[Round "1"]
[White "Berke"]
[Black "Bible-Believer"]
[Result "1/2-1/2"]
[WhiteElo "1534"]
[BlackElo "1519"]
[Opening "Queen's pawn: London system"]
[ECO "A45"]
[Time "14:00:30"]
[TimeControl "2700+45"]

1. d4 Nf6 2. Bf4 c5 3. e3 Nc6 4. c3 d5 5. Nf3 Qb6 6. Qc1 Bf5 7. Nbd2 h6 8. Be2
e6 9. Ne5 Rc8 10. Nxc6 bxc6 11. O-O cxd4 12. exd4 c5 13. dxc5 Bxc5 14. Nb3 Bd6
15. Bxd6 {Game drawn by mutual agreement} 1/2-1/2

[Event "Team 45 45 League T64"]
[Site "Internet Chess Club"]
[Date "2015.03.06"]
[Round "1"]
[White "tornado100"]
[Black "ticopatzer"]
[Result "0-1"]
[WhiteElo "1695"]
[BlackElo "1723"]
[Opening "Bishop's opening: Berlin defense"]
[ECO "C24"]
[Time "18:00:13"]
[TimeControl "2700+45"]

1. e4 e5 2. Bc4 Nf6 3. d3 d5 4. exd5 Nxd5 5. Nf3 Nc6 6. O-O Be7 7. Re1 f6 8. Bb5
Bg4 9. h3 Bh5 10. Qe2 Qd6 11. Nbd2 O-O-O 12. Ne4 Qe6 13. Bxc6 Qxc6 14. Bd2 Qxc2
15. Qf1 Bxf3 16. gxf3 f5 17. Rec1 Qxb2 18. Ng5 Qxd2 19. Nf7 Rhf8 20. Nxd8 Rxd8
21. Rd1 Qf4 22. Qg2 Rd6 23. Kf1 Rg6 24. Qh1 Bh4 25. Rac1 Qd4 26. Qh2 Nc3 27. Rd2
Bg5 28. Rcd1 Bxd2 29. Rxd2 Qb6 30. Qxe5 Qb1+ 31. Qe1 Qxe1+ 32. Kxe1 {White
resigns} 0-1

[Event "Team 45 45 League T64"]
[Site "Internet Chess Club"]
[Date "2015.03.06"]
[Round "1"]
[White "evan7284"]
[Black "bluesun"]
[Result "0-1"]
[WhiteElo "1654"]
[BlackElo "1519"]
[Opening "Torre attack (Tartakower variation)"]
[ECO "D03"]
[Time "16:01:04"]
[TimeControl "2700+45"]

1. d4 d5 2. Nf3 Nf6 3. Bg5 Nc6 4. Bxf6 exf6 5. e3 Bf5 6. Bd3 Bg6 7. a3 a6 8. O-O
Bd6 9. c4 dxc4 10. Bxc4 O-O 11. b4 Qd7 12. Bd3 Rad8 13. Bxg6 fxg6 14. Nbd2 Qe6
15. Qc2 f5 16. Nc4 Be7 17. Rac1 Bf6 18. Qb3 Rfe8 19. Ncd2 Rd6 20. Qxe6+ Rexe6
21. Nc4 Rd8 22. Rfd1 Ne7 23. Nce5 c6 24. g3 Nd5 25. Kf1 g5 26. Nd3 Kf7 27. Nfe5+
Kf8 28. Nc5 Re7 29. Ned7+ Rdxd7 30. Nxd7+ Rxd7 31. Ke2 Kf7 32. Rc2 Re7 33. Kd3
Nc7 34. Re1 Rd7 35. Rc5 g6 36. a4 Nd5 37. Rc4 b5 38. axb5 axb5 39. Rc5 Nxb4+ 40.
Kd2 Ra7 41. Ke2 Ra2+ 42. Kd1 Nd3 43. Rxc6 Ra1+ {White forfeits on time} 0-1

[Event "Team 45 45 League T64"]
[Site "Internet Chess Club"]
[Date "2015.03.07"]
[Round "1"]
[White "wildcat2023"]
[Black "losscause"]
[Result "0-1"]
[WhiteElo "1400"]
[BlackElo "1625"]
[Opening "QGD Slav: 3.Nf3"]
[ECO "D43"]
[Time "18:12:51"]
[TimeControl "2700+45"]

1. d4 d5 2. c4 c6 3. Nf3 Nf6 4. Bg5 e6 5. Nc3 Be7 6. e3 a6 7. Qc2 Nbd7 8. Bd3
dxc4 9. Bxc4 Nd5 10. Bxe7 Qxe7 11. O-O-O N7b6 12. Bxd5 exd5 13. Rhe1 O-O 14. e4
dxe4 15. Rxe4 Qd6 16. Rh4 Qg6 17. Qe2 Bg4 18. Qe3 Bxf3 19. Qxf3 Rfe8 20. Rg4
Qh6+ 21. Kc2 Re6 22. h4 Rae8 23. h5 Nd7 24. Rh4 b5 25. d5 cxd5 26. Rxd5 Ne5 27.
Qg3 Nc4 28. f4 Ne3+ 29. Kb1 Nxd5 30. Nxd5 Re1+ 31. Kc2 Qc6+ 32. Nc3 R8e2+ 33.
Kb3 Qc4+ 34. Ka3 b4+ 35. Ka4 bxc3+ 36. Ka3 Qc5+ 37. b4 Qc4 38. f5 Rxa2# {White
checkmated} 0-1

[Event "Team 45 45 League T64"]
[Site "Internet Chess Club"]
[Date "2015.03.08"]
[Round "1"]
[White "Regista"]
[Black "Intemperate"]
[Result "1/2-1/2"]
[WhiteElo "2264"]
[BlackElo "1969"]
[Opening "Sicilian: Nimzovich-Rossolimo attack (without ...d6)"]
[ECO "B30"]
[Time "14:17:47"]
[TimeControl "2700+45"]

1. e4 c5 2. Nf3 Nc6 3. Bb5 e6 4. Bxc6 bxc6 5. d3 d5 6. c4 Nf6 7. Qe2 Be7 8. O-O
O-O 9. Nc3 d4 10. Na4 Nd7 11. Bd2 e5 12. a3 a5 13. Rfb1 Bd6 14. Ne1 Nb6 15. Nxb6
{Game drawn by mutual agreement} 1/2-1/2

[Event "Team 45 45 League T64"]
[Site "Internet Chess Club"]
[Date "2015.03.05"]
[Round "1"]
[White "gtmorton"]
[Black "Pomberito"]
[Result "1-0"]
[WhiteElo "1937"]
[BlackElo "2054"]
[Opening "QGD: Tartakower (Makagonov-Bondarevsky) system"]
[ECO "D58"]
[Time "12:00:09"]
[TimeControl "2700+45"]

1. d4 d5 2. c4 e6 3. Nc3 Be7 4. Nf3 Nf6 5. Bg5 h6 6. Bh4 O-O 7. e3 b6 8. Qb3 Bb7
9. Bxf6 Bxf6 10. cxd5 exd5 11. Rd1 Re8 12. Bd3 c5 13. dxc5 Nd7 14. c6 Bxc6 15.
O-O Nc5 16. Qc2 Qe7 17. Bh7+ Kh8 18. Bf5 Rad8 19. Nd4 Bb7 20. Bg4 Qe5 21. Rfe1
Ne4 22. f3 Nxc3 23. Qxc3 h5 24. f4 Qe4 25. Bxh5 Rc8 26. Qd2 g6 27. Bf3 Qe7 28.
a3 Rc4 29. g3 Rec8 30. h4 Kg7 31. h5 Bxd4 32. exd4 Qf6 33. Re5 Rc2 34. Qe3 gxh5
35. Bxh5 Rxb2 36. Rg5+ Kf8 37. Re1 Bc6 38. Qc3 Rb5 39. a4 Rc5 40. Qd3 Bb5 41.
Qh7 Qxd4+ 42. Kh1 Qe4+ 43. Rxe4 Rc1+ 44. Kh2 R8c2+ 45. Kh3 Bd7+ 46. f5 {Black
resigns} 1-0

[Event "Team 45 45 League T64"]
[Site "Internet Chess Club"]
[Date "2015.03.08"]
[Round "1"]
[White "Baseta"]
[Black "Gilligan"]
[Result "0-1"]
[WhiteElo "1858"]
[BlackElo "1965"]
[Opening "English: symmetrical variation"]
[ECO "A33"]
[Time "12:00:29"]
[TimeControl "2700+45"]

1. Nf3 Nf6 2. c4 c5 3. Nc3 Nc6 4. d4 cxd4 5. Nxd4 e6 6. Ndb5 d6 7. Bg5 a6 8.
Bxf6 gxf6 9. Nd4 Qb6 10. Nb3 Be7 11. e4 Bd7 12. Be2 Rc8 13. O-O Ne5 14. Nd2 Qxb2
15. Rc1 b5 16. f4 Nxc4 17. Nxc4 bxc4 18. Qd4 d5 19. Kh1 Bb4 20. Qxf6 Bxc3 21.
Qxc3 Qxc3 22. Rxc3 Ke7 23. f5 Bb5 24. f6+ Kd6 25. exd5 exd5 26. Rd1 Kc5 27. Rf3
Rhe8 28. Bf1 Re5 29. Rh3 Rc6 30. Rxh7 Rxf6 31. h4 c3 32. Bxb5 axb5 33. Rh8 d4
34. Rc1 b4 35. Rc8+ Rc6 36. Ra8 d3 {White resigns} 0-1

[Event "Team 45 45 League T64"]
[Site "Internet Chess Club"]
[Date "2015.03.06"]
[Round "1"]
[White "Greedy-Reedy"]
[Black "kabindra"]
[Result "1-0"]
[WhiteElo "1961"]
[BlackElo "1819"]
[Opening "Queen's pawn game"]
[ECO "D05"]
[Time "11:00:28"]
[TimeControl "2700+45"]

1. Nf3 Nf6 2. d4 d5 3. e3 e6 4. Bd3 b6 5. c3 Ba6 6. Bxa6 Nxa6 7. Qa4+ Qd7 8.
Qxa6 Bd6 9. Qd3 c5 10. Nbd2 c4 11. Qc2 b5 12. e4 Bc7 13. O-O dxe4 14. Nxe4 Nxe4
15. Qxe4 O-O 16. Ng5 g6 17. Qh4 h5 18. Ne4 Qc6 19. Bh6 Bd8 {Black resigns} 1-0

[Event "Team 45 45 League T64"]
[Site "Internet Chess Club"]
[Date "2015.03.08"]
[Round "1"]
[White "ArturitoGalacti"]
[Black "Jack-ONeill"]
[Result "0-1"]
[WhiteElo "2031"]
[BlackElo "2095"]
[Opening "Catalan: closed, 5.Nf3"]
[ECO "E06"]
[Time "14:08:11"]
[TimeControl "2700+45"]

1. c4 e6 2. g3 d5 3. Bg2 Nf6 4. d4 Be7 5. Nf3 O-O 6. Nbd2 b6 7. O-O Bb7 8. b3
Nbd7 9. Bb2 c5 10. e3 Rc8 11. Qe2 Rc7 12. Rfd1 Qa8 13. Ne5 cxd4 14. Bxd4 Nxe5
15. Bxe5 Rd7 16. cxd5 Bxd5 17. e4 Bb7 18. f3 Rfd8 19. Nc4 Ba6 20. Bf1 Bxc4 21.
bxc4 Qc6 22. Kg2 Qa4 23. Rxd7 Rxd7 24. Bc3 Bb4 25. Bxb4 Qxb4 26. Rd1 Qa4 27. Rc1
Qb4 28. Rd1 Rxd1 29. Qxd1 Qe7 30. Qa4 Qd7 31. Qc2 Qc6 32. Bd3 Nd7 33. Kf2 Qc5+
34. Kg2 Qe3 35. e5 g6 36. f4 Nc5 37. Be2 g5 38. fxg5 Qxg5 39. Bd3 h6 40. Qe2 Nd7
41. Qe4 Nxe5 42. Qa8+ Kg7 43. Qe4 Qd2+ 44. Be2 Qc3 45. Kf1 Ng6 46. Bd3 Qa1+ 47.
Bb1 Qb2 48. h4 Qe5 49. Qd3 Qf5+ 50. Qxf5 exf5 51. Bxf5 Ne5 52. Ke2 Nxc4 53. Kd3
Ne5+ 54. Kd4 Kf6 55. Be4 Ke6 56. Bd5+ Kd6 57. Be4 Nd7 58. g4 Nf8 59. g5 hxg5 60.
h5 Ne6+ 61. Kc4 Ke5 62. h6 Kf6 63. Kb5 g4 {White forfeits on time} 0-1

[Event "Team 45 45 League T64"]
[Site "Internet Chess Club"]
[Date "2015.03.07"]
[Round "1"]
[White "Ptzz"]
[Black "SlimeDog2"]
[Result "1-0"]
[WhiteElo "2110"]
[BlackElo "2023"]
[Opening "Grünfeld: 5.Bg5"]
[ECO "D91"]
[Time "14:13:20"]
[TimeControl "2700+45"]

1. d4 Nf6 2. c4 g6 3. Nc3 d5 4. Nf3 Bg7 5. Bg5 Ne4 6. Bf4 Nxc3 7. bxc3 dxc4 8.
Qa4+ c6 9. Qxc4 Be6 10. Qb4 Qb6 11. e3 Qxb4 12. cxb4 O-O 13. Be2 a5 14. b5 c5
15. O-O cxd4 16. Nxd4 Bd5 17. Bg5 e5 18. Bf3 Bxf3 19. Nxf3 e4 20. Nd4 Nd7 21.
Rac1 Rfc8 22. Bf4 Nc5 23. b6 Nd3 24. Rxc8+ Rxc8 25. Bc7 Be5 26. Nb5 Kf8 27. f3
Ke7 28. fxe4 Bxc7 29. bxc7 f6 30. Rd1 Nc5 31. Rc1 Ne6 32. Kf2 Kd7 33. Rd1+ Ke7
34. Rd5 a4 35. Rd6 Nxc7 36. Rb6 Nxb5 37. Rxb5 Rc7 38. Kf3 Ke6 39. Rb4 Rc2 40.
Rxa4 h5 41. h4 Rb2 42. a3 Ra2 43. Rb4 Rxa3 44. Rxb7 Ra5 45. Rg7 g5 46. hxg5 Rxg5
47. Rh7 Ra5 48. g3 Rg5 49. Ra7 Ke5 50. Ra6 h4 51. gxh4 Rg1 52. Ra5+ Ke6 53. Ra2
Rh1 54. Kg3 Re1 55. Rh2 Rxe3+ 56. Kf4 Ra3 57. h5 Ra7 58. h6 Rh7 59. Rh1 Rh8 60.
h7 Kf7 61. Kf5 Kg7 62. Rg1+ Kf7 63. Ra1 {Black resigns} 1-0

[Event "Team 45 45 League T64"]
[Site "Internet Chess Club"]
[Date "2015.03.08"]
[Round "1"]
[White "jt2000"]
[Black "Holgate"]
[Result "1-0"]
[WhiteElo "2153"]
[BlackElo "2023"]
[Opening "Sicilian: Najdorf, Byrne (English) attack"]
[ECO "B90"]
[Time "13:01:41"]
[TimeControl "2700+45"]

1. e4 c5 2. Nf3 d6 3. d4 cxd4 4. Nxd4 Nf6 5. Nc3 a6 6. Be3 e6 7. f3 b5 8. Qd2
Nbd7 9. g4 Nb6 10. O-O-O Bb7 11. Qf2 Nfd7 12. Bd3 Rc8 13. Nce2 Qc7 14. Kb1 Nc5
15. Ng3 Nba4 16. Bc1 d5 17. Rhe1 Be7 18. e5 O-O 19. f4 Nxd3 20. cxd3 Bc5 21. f5
Kh8 22. f6 g6 23. Bh6 Rfd8 24. Bg7+ Kg8 25. Rc1 Qb6 26. Nge2 Rd7 27. Qf4 Rdc7
28. Qh6 Nxb2 29. Rf1 Nxd3 30. Rf3 Ba3 31. Qxh7+ {Black resigns} 1-0